AoeStats
← Wilson

Nomad

509894679Analyzed
2v2 RM · 5d ago on Sep 28, 2026· 35m 31s· 4 players
Game mode
Random Map
Map size
176×176
Population
200
Speed
Normal
Resources
Standard
Victory
Conquest
Starting age
Dark Age
Ending age
Imperial Age
RankedLock teamsTeams togetherTeam positionsShared explorationLock speedFull tech treeHidden civsTurbo modeCheats
Victory
Defeat
🇹🇼 Italians · Taiwan
1097
+15
🇹🇼 Varangians · Taiwan
1003
+20
🇵🇾 Malay · Paraguay
1085
-18
🇸🇪 Ethiopians · Sweden
1060
-17
QuitTouchingMe
4:03 Loom
14:20 Feudal Age
18:07 Castle Age
Medipy51
3:58 Loom
14:52 Feudal Age
17:34 Double-Bit Axe
19:52 Castle Age
18:25 Town Watch
19:05 Man-at-Arms
19:31 Arson
25:14 Fletching
25:36 Long Swordsman
34:10 Bodkin Arrow
Scan
12:23 Loom
15:16 Feudal Age
19:20 Scale Barding Armor
20:13 Forging
20:17 Bloodlines
24:20 Wheelbarrow
27:46 Castle Age
26:03 Fishing Lines
26:16 Double-Bit Axe
26:59 Gold Mining
27:01 Stone Mining
28:49 Husbandry
29:18 Bow Saw
32:06 Chain Barding Armor
33:53 Gillnets
35:34 Iron Casting
35:47 Hand Cart
Wilson
3:49 Loom
17:58 Feudal Age
20:03 Feudal Age
24:41 Castle Age
24:05 Fishing Lines
24:36 Gold Mining
26:21 Scale Mail Armor
26:32 Forging
28:02 Chain Mail Armor
29:04 Double-Bit Axe
30:02 Bow Saw
31:13 Squires
31:51 Gillnets
32:45 Iron Casting
32:11 Arson
33:40 Scale Barding Armor
34:48 Horse Collar
Connection lost

Rejoining the realm…

Still unreachable

The connection could not be restored.

Session expired

The server has moved on; the page needs a fresh start.